Match 41523190
Unlisted

Match 41523190
End
Construct Barracks
Riflemen Squad
Selects Heavy Weapons
1⁄4-ton 4x4 Truck
Riflemen Squad
Riflemen Squad
Construct Weapon Support Center
M1919 Machine Gun Team
Infantry Support Center
Selects Assault Carriers
Selects Exchangeable Parts
M3 Assault Carrier
M3 Assault Carrier
AI Takeover
MotoBomb
GenevaSuggestion
KevinTDW
Facki
0
0

Comments sign in to comment!

No comments posted yet!